 Dungeon Crawl Stone Soup version 0.26.1-2-gb8aa6d0cf2 (webtiles) character file.

Game seed: 4347850822045691695

41 FishyPogo the Changer (level 3, -2/29 HPs)
             Began as a Draconian Transmuter on Mar 1, 2021.
             Slain by a kobold
             ... wielding a +2 short sword of electrocution
              (18 damage)
             ... on level 1 of the Dungeon.
             The game lasted 00:03:33 (822 turns).

FishyPogo the Changer (Draconian Transmuter)         Turns: 822, Time: 00:03:34

Health: -2/29      AC:  5    Str: 12    XL:     3   Next: 32%
Magic:  5/6        EV: 12    Int: 14    God:
Gold:   49         SH:  0    Dex: 11    Spells: 3/6 levels left

rFire    . . .     SeeInvis .     - Unarmed
rCold    . . .     Faith    .   (no shield)
rNeg     . . .     Spirit   .   (armour unavailable)
rPois    .         Reflect  .   (helmet currently unavailable)
rElec    .         Harm     .   (no cloak)
rCorr    .         Rampage  .   (no gloves)
Will     .....                  (boots currently unavailable)
Stlth    +.........             (no amulet)
HPRegen  0.09/turn              (no ring)
MPRegen  0.10/turn              (no ring)

@: appendages (expiring)
A: unfitting armour, horns 2, talons 2, cold-blooded, AC +5
a: End Transformation


You were on level 1 of the Dungeon.
You had grown temporary horns.
You had grown temporary talons.
You visited 1 branch of the dungeon, and saw 1 of its levels.

You collected 49 gold pieces.

Inventory:

Missiles
 a - 26 stones (quivered)
Scrolls
 b - a scroll of enchant weapon {unknown}
 c - a scroll of remove curse {unknown}
 d - a scroll of fear {unknown}


   Skills:
 + Level 2.2 Fighting
 - Level 1.7 Dodging
 - Level 3.0 Unarmed Combat
 - Level 2.0 Spellcasting
 * Level 3.3 Transmutations


You had 3 spell levels left.
You knew the following spells:

 Your Spells              Type           Power        Failure   Level
u - Wereblood             Tmut           10%          9%          2
y - Beastly Appendage     Tmut           20%          6%          1

Your spell library contained the following spells:

 Spells                   Type           Power        Failure   Level
 Spider Form              Tmut/Pois      3%           36%         3
 Ice Form                 Ice/Tmut       6%           77%         4
 Blade Hands              Tmut           5%           86%         5


Dungeon Overview and Level Annotations

Branches:
Dungeon (1/15)

Altars:


Innate Abilities, Weirdness & Mutations

Your plain brown scales are hard. (AC +5)
You cannot fit into any form of body armour.
You are cold-blooded and may be slowed by cold attacks.
You have a pair of horns on your head.
You have razor-sharp toenails.


Message History

Confirm with . or Enter, or press ? or * to list all spells.
You grow a pair of large bovine horns.
Your feet morph into talons.
A bat comes into view.
A kobold comes into view. It is wielding a +0 club.
The bat hits you but does no damage.
You miss the bat.
The kobold shouts!
Your headbutt misses the bat. You tail-slap the bat.
You kill the bat!
You closely miss the kobold.
Your transformation is almost over.
The kobold hits you with a +2 short sword of electrocution.
You barely miss the kobold.
The kobold hits you with a +2 short sword of electrocution.
You hit the kobold. Your headbutt misses the kobold.
The kobold is moderately wounded.
The kobold hits you with a +2 short sword of electrocution.
You are electrocuted!!
Ouch! That really hurt!
You die...

#############
#..†...@KK..#
#.#########..... #.# ..
##. ## #.# .# .###
##.## .#..#
...######...######.#..#
.#..#.....#........#..#
#
###.#.###...#####..#..
..#.#.##.....†.....#..


You could see 2 kobolds.

Vanquished Creatures
  An ooze (D:1)
  A dart slug (D:1)
  2 leopard geckos (D:1)
  8 bats (D:1)
  2 giant cockroaches (D:1)
  3 goblins (D:1)
  4 hobgoblins (D:1)
  5 frilled lizards (D:1)
  5 kobolds (D:1)
  A rat (D:1)
32 creatures vanquished.

Notes
Turn   | Place    | Note
-------+----------+-------------------------------------------
     0 | D:1      | FishyPogo the Draconian Transmuter began the quest for the
                  | Orb.
     0 | D:1      | Reached XP level 1. HP: 16/16 MP: 3/3
    50 | D:1      | Reached XP level 2. HP: 23/23 MP: 3/5
    58 | D:1      | Learned a level 2 spell: Wereblood
   476 | D:1      | Reached XP level 3. HP: 27/29 MP: 4/6
   822 | D:1      | Slain by a kobold

Illustrated notes

Levels and vault maps discovered:
D:1:      moated_graveyard_arrival, layout_loops_ring, minmay_pentomino_r2

Skill      XL: |  1  2 |
---------------+-------+-----
Transmutations | 3 |  3.3
Fighting       | 2 |  2.2
Dodging        | |  1.7
Unarmed Combat | |  3.0
Spellcasting   | |  2.0

Action                   || total
-------------------------++-------
Melee: Unarmed           ||    93
       Kick              ||    13
       Headbutt          ||     7
       Tailslap          ||     7
       Punch             ||     1
 Cast: Beastly Appendage ||    17
       Wereblood         ||     1
Armor: Skin              ||    22
Dodge: Dodged            ||    57
